 Dungeon Crawl Stone Soup version 0.31-a0-38-g1548c4f2a5 (webtiles) character file.

Game seed: 6934634203010166607

2411 frimble the Carver (level 9, -17/71 HPs)
             Began as a Gnoll Reaver on May 16, 2023.
             Was a Believer of Cheibriados.
             Demolished by Pikel
             ... wielding a +2 whip of electrocution
              (18 damage)
             ... on level 6 of the Dungeon.
             The game lasted 00:09:09 (5886 turns).

frimble the Carver (Gnoll Reaver)                   Turns: 5886, Time: 00:09:09

Health: -17/71     AC:  7    Str: 23    XL:     9   Next: 47%
Magic:  12/19      EV: 15    Int: 21    God:    Cheibriados [**....]
Gold:   481        SH:  0    Dex: 16    Spells: 12/21 levels left

rFire   . . .        c - +4 dire flail (holy)
rCold   . . .        (shield currently unavailable)
rNeg    . . .        b - +1 leather armour
rPois   .            (no helmet)
rElec   .            C - +0 cloak
rCorr   .            k - +0 pair of gloves
SInv    .            (no boots)
Will    .....        h - amulet of regeneration
Stlth   +++          l - +6 ring of strength
HPRegen 1.11/turn    (no ring)
MPRegen 0.16/turn

%: no passive effects
@: freezing walls, very slightly contaminated, very slow
A: fangs 1, strong nose, distributed training
a: Renounce Religion, Bend Time


You were on level 6 of the Dungeon.
You worshipped Cheibriados.
Cheibriados was pleased with you.
You visited 2 branches of the dungeon, and saw 7 of its levels.
You also visited: Sewer and Ossuary.

You collected 583 gold pieces.
You spent 102 gold pieces at shops.

Inventory:

Hand Weapons
 a - a +1 falchion of protection
 c - a +4 dire flail of holy wrath (weapon)
Armour
 b - a +1 leather armour (worn)
 k - a +0 pair of gloves (worn)
 C - a +0 cloak (worn)
Jewellery
 d - an amulet of faith
 h - an amulet of regeneration (around neck)
 l - a +6 ring of strength (left hand)
Wands
 m - a wand of flame (63)
 A - a wand of acid (4)
Scrolls
 f - a scroll of immolation
 r - a scroll of enchant armour
 s - a scroll of poison
 u - 2 scrolls of vulnerability
 x - a scroll of brand weapon
 y - a scroll of identify
 B - a scroll of teleportation
Potions
 e - 2 potions of cancellation
 g - 2 potions of mutation
 i - a potion of degeneration {unknown}
 j - 4 potions of curing
 n - 4 potions of attraction {unknown}
 o - 2 potions of haste {unknown}
 p - 2 potions of heal wounds {unknown}
 q - 3 potions of flight {unknown}
 t - a potion of resistance
 v - a potion of might {unknown}
 w - a potion of invisibility {unknown}
 z - a potion of lignification {unknown}


   Skills:
 + Level 6.4 Fighting
 + Level 4.4 Short Blades
 + Level 8.0 Long Blades
 + Level 4.4 Axes
 + Level 4.4 Maces & Flails
 + Level 4.4 Polearms
 + Level 4.4 Staves
 + Level 4.4 Ranged Weapons
 + Level 4.4 Throwing
 + Level 4.4 Armour
 + Level 6.4 Dodging
 + Level 4.4 Stealth
 + Level 4.4 Shields
 + Level 4.4 Unarmed Combat
 + Level 6.8 Spellcasting
 + Level 6.6 Conjurations
 + Level 3.6 Hexes
 + Level 3.6 Summonings
 + Level 3.6 Necromancy
 + Level 3.6 Translocations
 + Level 3.6 Transmutations
 + Level 3.6 Fire Magic
 + Level 3.6 Ice Magic
 + Level 3.6 Air Magic
 + Level 3.6 Earth Magic
 + Level 3.6 Poison Magic
 + Level 4.9 Invocations
 + Level 4.4 Evocations


You had 12 spell levels left.
You knew the following spells:

 Your Spells              Type           Power      Damage    Failure   Level
a - Kiss of Death         Conj/Necr      100%       2d13      1%          1
b - Frozen Ramparts       Ice            44%        1d7       7%          3
c - Arcjolt               Conj/Air       14%        1d24      34%         5

Your spell library contained the following spells:

 Spells                   Type           Power      Damage    Failure   Level
 Momentum Strike          Conj/Tloc      56%        3d9       1%          2
 Apportation              Tloc           44%        N/A       2%          1
 Freeze                   Ice            88%        1d9       2%          1
 Necrotise                Necr           88%        1d8       2%          1
 Summon Small Mammal      Summ           88%        N/A       2%          1
 Lesser Beckoning         Tloc           44%        N/A       3%          2
 Hailstorm                Conj/Ice       28%        3d8       3%          3
 Gell's Gravitas          Tloc           22%        N/A       7%          3
 Portal Projectile        Hex/Tloc       44%        N/A       7%          3
 Teleport Other           Tloc           22%        N/A       7%          3
 Tukima's Dance           Hex            22%        N/A       7%          3
 Vhi's Electric Charge    Tloc/Air       44%        N/A       7%          3
 Blade Hands              Tmut           11%        N/A       54%         5
 Maxwell's Capacitive Co  Air            11%        ∞         100%        8


Dungeon Overview and Level Annotations

Branches:
Dungeon (6/15)             Temple (1/1) D:4           Sewer (visited)
Ossuary (visited)

Altars:
Cheibriados
Elyvilon
Fedhas
Gozag
Hepliaklqana
Makhleb
Nemelex Xobeh
Okawaru
Ru
Sif Muna
Trog
Uskayaw
Vehumet
Xom
Yredelemnul
Zin
The Shining One

Shops:
D:4 (   D:5 *

Annotations:
D:6 Pikel


Innate Abilities, Weirdness & Mutations

You have very sharp teeth.
Your uncanny sense of smell can sniff out nearby items.
Your experience applies equally to all skills.


Message History

Pikel is heavily wounded.
Pikel closely misses you.
Casting: Frozen Ramparts (dangerous; 7% risk of failure)
Confirm with . or Enter, or press ? or * to list all spells.
Casting: Frozen Ramparts (dangerous; 7% risk of failure)
Press: ? - help, Dir - look around, f - activate An open door, spattered with blood.
You miscast Frozen Ramparts.
You are very lightly contaminated with residual magic.
Nothing appears to happen.
Pikel hits you but does no damage.
You are electrocuted!!
Casting: Frozen Ramparts (dangerous; 7% risk of failure)
Confirm with . or Enter, or press ? or * to list all spells.
Casting: Frozen Ramparts (dangerous; 7% risk of failure)
Press: ? - help, Dir - look around, f - activate An open door, spattered with blood.
The walls around you are covered in ice.
The wall freezes the lemure.
The wall freezes Pikel but does no damage.
Pikel completely misses you.
You thump Pikel! Your bite misses Pikel.
Pikel is severely wounded.
The wall freezes the lemure.
The wall freezes Pikel but does no damage.
Pikel barely misses you.
You barely miss Pikel.
Pikel is severely wounded.
The wall freezes the lemure.
The wall freezes Pikel but does no damage.
Pikel hits you with a +2 whip of electrocution.
You are electrocuted!!
* * * LOW HITPOINT WARNING * * *
You closely miss Pikel.
Pikel is severely wounded.
The wall freezes the lemure.
Pikel resists.
The wall freezes Pikel.
Pikel cracks his whip.
Pikel hits you with a +2 whip of electrocution.
* * * LOW HITPOINT WARNING * * *
You are electrocuted!!
You die...

##.........~~~~......#
#....####...♣~..+#####
#....####'###.....#
#....#...<..#.....#
#....#......#.....#
#....#............#
#....##############
#....###.....##
#....@K5.....'.
#....###.....## ######
##...# #.# #


You could see Pikel and a lemure.

Vanquished Creatures
  Prince Ribbit (D:6)
  Sigmund (D:3)
  Eustachio (D:5)
  Menkaure (D:4)
  Edmund (D:4)
  A water moccasin (D:5)
  3 ogres
  A sky beast (D:6)
  An ice beast (D:5)
  A lemure (D:6)
  2 bullfrogs (Sewer)
  A scorpion (D:4)
  A quasit (D:6)
  4 hounds
  An orc priest (D:6)
  Crazy Yiuf (D:5)
  A jelly (D:5)
  Jessica (D:3)
  3 iguanas
  2 orc wizards (D:6)
  9 mummies
  20 adders
  9 river rats (Sewer)
  3 shadow imps (D:6)
  3 ufetubi (D:6)
  5 worms
  9 orcs
  2 bats
  3 endoplasms
  3 giant cockroaches
  A gnoll zombie (Ossuary)
  4 goblins
  9 hobgoblins
  4 jackals (D:4)
  7 kobolds
  5 quokkas
  14 ball pythons
  3 frilled lizards
  A goblin zombie (D:5)
  3 hobgoblin zombies (Ossuary)
  5 orc zombies
  29 rats
180 creatures vanquished.

Notes
Turn   | Place    | Note
-------+----------+-------------------------------------------
     0 | D:1      | frimble the Gnoll Reaver began the quest for the Orb.
     0 | D:1      | Reached XP level 1. HP: 20/20 MP: 6/6
   263 | D:1      | Reached XP level 2. HP: 18/26 MP: 7/7
   721 | D:2      | Reached skill level 5 in Spellcasting
   721 | D:2      | Reached XP level 3. HP: 31/31 MP: 7/9
   749 | D:2      | Learned a level 3 spell: Frozen Ramparts
   914 | D:2      | Reached skill level 1 in Invocations
   941 | D:2      | Found a glowing golden altar of the Shining One.
  1208 | D:2      | Reached skill level 1 in Short Blades
  1208 | D:2      | Reached skill level 1 in Axes
  1208 | D:2      | Reached skill level 1 in Maces & Flails
  1208 | D:2      | Reached skill level 1 in Polearms
  1208 | D:2      | Reached skill level 1 in Staves
  1208 | D:2      | Reached skill level 1 in Ranged Weapons
  1208 | D:2      | Reached skill level 1 in Throwing
  1208 | D:2      | Reached skill level 1 in Armour
  1208 | D:2      | Reached skill level 1 in Stealth
  1208 | D:2      | Reached skill level 1 in Shields
  1208 | D:2      | Reached skill level 1 in Unarmed Combat
  1208 | D:2      | Reached skill level 1 in Evocations
  1575 | D:3      | Reached XP level 4. HP: 38/38 MP: 11/11
  1801 | D:3      | Found a basalt altar of Yredelemnul.
  1820 | D:3      | Noticed an ogre
  1864 | D:4      | Reached skill level 1 in Hexes
  1864 | D:4      | Reached skill level 1 in Summonings
  1864 | D:4      | Reached skill level 1 in Necromancy
  1864 | D:4      | Reached skill level 1 in Translocations
  1864 | D:4      | Reached skill level 1 in Transmutations
  1864 | D:4      | Reached skill level 1 in Fire Magic
  1864 | D:4      | Reached skill level 1 in Ice Magic
  1864 | D:4      | Reached skill level 1 in Air Magic
  1864 | D:4      | Reached skill level 1 in Earth Magic
  1864 | D:4      | Reached skill level 1 in Poison Magic
  2032 | D:4      | Found a glowing silver altar of Zin.
  2032 | D:4      | Found an iron altar of Okawaru.
  2142 | D:4      | Found a staircase to the Ecumenical Temple.
  2142 | D:4      | Noticed an ogre
  2142 | D:4      | Noticed a scorpion
  2151 | D:4      | Killed a scorpion
  2152 | D:4      | Reached XP level 5. HP: 39/43 MP: 12/12
  2158 | D:4      | Killed an ogre
  2159 | D:4      | Reached XP level 6. HP: 43/50 MP: 10/14
  2258 | D:4      | Noticed Edmund
  2273 | D:4      | Killed Edmund
  2274 | D:4      | Reached skill level 5 in Fighting
  2274 | D:4      | Reached skill level 5 in Dodging
  2327 | D:4      | Noticed Menkaure
  2334 | D:4      | Killed Menkaure
  2335 | D:4      | Reached skill level 7 in Long Blades
  2335 | D:4      | Reached XP level 7. HP: 54/56 MP: 15/15
  2350 | D:4      | Found a burning altar of Makhleb.
  2406 | D:4      | Found Hulidgh's Weapon Boutique.
  2491 | D:4      | Found a glowing drain.
  2503 | Sewer    | Entered a sewer
  2892 | Sewer    | Reached XP level 8. HP: 20/63 MP: 11/16
  3265 | Temple   | Entered the Ecumenical Temple
  3459 | Temple   | Became a worshipper of Cheibriados the Contemplative
  3630 | D:3      | Noticed Jessica
  3635 | D:3      | Noticed Sigmund
  3639 | D:3      | Killed Jessica
  3646 | D:3      | Killed Sigmund
  4093 | D:3      | Found a shimmering blue altar of Sif Muna.
  4189 | D:5      | Entered Level 5 of the Dungeon
  4206 | D:5      | Noticed Eustachio
  4216 | D:5      | Killed Eustachio
  4336 | D:5      | Reached * piety under Cheibriados
  4458 | D:5      | Reached XP level 9. HP: 66/69 MP: 18/18
  4508 | D:5      | Found a sand-covered staircase.
  4513 | Ossuary  | Entered an ossuary
  5089 | D:5      | Found Icasue's Assorted Antiques.
  5096 | D:5      | Bought a sharpened gold wand for 68 gold pieces
  5096 | D:5      | Bought a scroll labelled TESIHU ILUITER for 17 gold pieces
  5096 | D:5      | Bought a scroll labelled TESIHU ILUITER for 17 gold pieces
  5230 | D:5      | Found a runed translucent door.
  5231 | D:5      | Noticed Crazy Yiuf
  5239 | D:5      | Killed Crazy Yiuf
  5373 | D:6      | Reached ** piety under Cheibriados
  5664 | D:6      | Found a white marble altar of Elyvilon.
  5727 | D:6      | Noticed Prince Ribbit
  5735 | D:6      | Learned a level 5 spell: Arcjolt
  5754 | D:6      | Killed Prince Ribbit
  5755 | D:6      | Reached skill level 8 in Long Blades
  5868 | D:6      | Noticed Pikel
  5886 | D:6      | HP: 1/71 [Pikel/+2 whip of electrocution (5)]
  5886 | D:6      | Demolished by Pikel

Illustrated notes

Levels and vault maps discovered:
D:1:      nzn_arrival_water_spiral, layout_basic
D:2:      layout_basic, basic_altar, serial_glass, glass_columns_a,
          glass_columns_c, item_on_display_a, minmay_strange_pillars
D:3:      layout_basic, lemuel_doored_altar, lemuel_blue_sif_altar,
          uniq_sigmund, uniq_jessica
D:4:      layout_loops_ring, makhleb_heckhound_becter,
          amethyst_overflow_temple_binary,
          minmay_temple_entry_statues_fountains, serial_shops, shop,
          portal_sewer_entry_d, uniq_edmund, uniq_menkaure
D:5:      layout_loops_ring, nicolae_ossuary_entry_giza, nicolae_stop_n_shop_2,
          kennysheep_generic_room_5, uniq_crazy_yiuf_cottage, uniq_eustachio
D:6:      layout_basic, elyvilon_altar_5, serial_demonic, serial_demonic_g,
          serial_demonic_a, serial_demonic_f, serial_demonic_f, serial_shops,
          kennysheep_mini, abandoned_shop, uniq_prince_ribbit1, uniq_pikel
Temple:   grunt_temple_mini_profane

Skill      XL: |  1  2  3  4  5  6  7  8  9 |
---------------+----------------------------+-----
Spellcasting   | 5 6 |  6.8
Invocations    | 1 2 3 4 |  4.9
Short Blades   | 1 2 3 4 |  4.4
Axes           | 1 2 3 4 |  4.4
Maces & Flails | 1 2 3 4 |  4.4
Polearms       | 1 2 3 4 |  4.4
Staves         | 1 2 3 4 |  4.4
Ranged Weapons | 1 2 3 4 |  4.4
Throwing       | 1 2 3 4 |  4.4
Armour         | 1 2 3 4 |  4.4
Stealth        | 1 2 3 4 |  4.4
Shields        | 1 2 3 4 |  4.4
Unarmed Combat | 1 2 3 4 |  4.4
Evocations     | 1 2 3 4 |  4.4
Hexes          | 1 2 3 |  3.6
Summonings     | 1 2 3 |  3.6
Necromancy     | 1 2 3 |  3.6
Translocations | 1 2 3 |  3.6
Transmutations | 1 2 3 |  3.6
Fire Magic     | 1 2 3 |  3.6
Ice Magic      | 1 2 3 |  3.6
Air Magic      | 1 2 3 |  3.6
Earth Magic    | 1 2 3 |  3.6
Poison Magic   | 1 2 3 |  3.6
Fighting       | 5 6 |  6.4
Dodging        | 5 6 |  6.4
Long Blades    | 7 8 |  8.0
Conjurations   | 6 |  6.6

Action                     |  1- 3 |  4- 6 |  7- 9 || total
---------------------------+-------+-------+-------++-------
  Melee: Falchion          |    95 |   119 |       ||   214
         Bite              |     3 |    17 |    26 ||    46
         Dire flail        |       |     4 |   336 ||   340
   Cast: Frozen Ramparts   |       |     2 |    15 ||    17
    Use: Scroll            |     5 |     3 |     8 ||    16
         Potion            |       |       |     1 ||     1
   Stab: Sleeping          |     1 |       |     7 ||     8
         Distracted        |       |     1 |       ||     1
 Armour: Leather armour    |    20 |    25 |   126 ||   171
  Dodge: Dodged            |    52 |    80 |   334 ||   466

Table legend: (Time is in decaauts)
 A = Elapsed time spent in this place.
 B = Non-inter-level travel time spent in this place.
 C = Inter-level travel time spent in this place.
 D = Time resting spent in this place.
 E = Time spent auto-exploring this place.
 F = Levels seen in this place.
 G = Mean time per level.
                   A        B        C        D        E       F      G
               +--------+--------+--------+--------+--------+-----+--------+
         Total |   6759 |   6377 |    382 |      0 |   4813 |   9 |  751.0 |
       Dungeon |   5679 |   5349 |    330 |      0 |   4287 |   6 |  946.5 |
        Temple |    225 |    173 |     52 |      0 |    171 |   1 |  225.0 |
         Sewer |    595 |    595 |      0 |      0 |    221 |   1 |  595.0 |
       Ossuary |    259 |    259 |      0 |      0 |    133 |   1 |  259.0 |
               +--------+--------+--------+--------+--------+-----+--------+

Top non-repeatable levels by time:
     D:5: 1259 daAuts
     D:3: 1155 daAuts
     D:4: 998 daAuts
     D:2: 816 daAuts
     D:6: 749 daAuts
     D:1: 699 daAuts
   Sewer: 595 daAuts
 Ossuary: 259 daAuts
  Temple: 225 daAuts
